 Dungeon Crawl Stone Soup version 0.26-a0-597-gb535b0901c (webtiles) character file.

Game seed: 2132212130722054047

7040 Descartes the Covert (level 11, -1/56 HPs)
             Began as a Vine Stalker Brigand on Aug 26, 2020.
             Was a Follower of Dithmenos.
             Slain by an unseen horror (4 damage)
             ... on level 8 of the Dungeon.
             The game lasted 00:25:58 (8553 turns).

Descartes the Covert (Vine Stalker Brigand)         Turns: 8553, Time: 00:25:58

Health: -1/56      AC: 19    Str: 16    XL:     11   Next: 9%
Magic:  0/19       EV: 14    Int: 12    God:    Dithmenos [*.....]
Gold:   523        SH: 10    Dex: 16    Spells: 17/20 levels left

rFire    . . .     SeeInvis .   a - +2 dagger
rCold    . . .     Faith    .   C - +0 buckler
rNeg     . . .     Spirit   +   R - +2 acid dragon scales
rPois    .         Reflect  +   S - +2 helmet
rElec    .         Harm     .   I - +0 cloak
rCorr    +                      m - +2 pair of gloves
MR       ++...                  (no boots)
Stlth    +++++.....             T - amulet of reflection
HPRegen  0.58/turn              r - ring of protection from magic
MPRegen  0.16/turn              s - +4 ring of protection

@: wreathed by umbra
A: fangs 3, regeneration 1, magic shield, antimagic bite, no potion heal 3, rot
immunity
a: Renounce Religion


You were on level 8 of the Dungeon.
You worshipped Dithmenos.
Dithmenos was aware of your devotion.
You visited 1 branch of the dungeon, and saw 9 of its levels.

You collected 523 gold pieces.

Inventory:

Hand Weapons
 a - a +2 dagger (weapon)
 b - a +0 hunting sling of flaming
 f - a +3 hunting sling
 k - a +0 hunting sling
 H - a +2 quarterstaff of chaos
 Z - a +3 scimitar of flaming
Missiles
 d - 16 poisoned darts
 j - 18 boomerangs (quivered)
 l - 237 stones
 n - 79 arrows
 E - 58 bolts
 L - 3 throwing nets
 M - 18 sling bullets
Armour
 m - a +2 pair of gloves (worn)
 x - a +0 leather armour of poison resistance
 z - a +0 tower shield
 C - a +0 buckler (worn)
 I - a +0 cloak (worn)
 R - +2 acid dragon scales (worn)
 S - a +2 helmet (worn)
Jewellery
 r - a ring of protection from magic (left hand)
 s - a +4 ring of protection (right hand)
 v - an uncursed ring of resist corrosion
 P - an uncursed amulet of the acrobat
 T - an amulet of reflection (around neck)
 W - an uncursed amulet of magic regeneration {unknown}
Wands
 c - a wand of random effects (24)
 X - a wand of flame (17)
Scrolls
 g - a scroll of random uselessness {unknown}
 h - 5 scrolls of remove curse {unknown}
 i - a scroll of magic mapping {unknown}
 o - 10 scrolls of identify {unknown}
 u - 4 scrolls of enchant weapon {unknown}
 w - 2 scrolls of teleportation {unknown}
 y - 3 scrolls of enchant armour {unknown}
 B - 3 scrolls of amnesia {unknown}
 F - a scroll of blinking {unknown}
 G - a scroll of fear {unknown}
 V - a scroll of vulnerability {unknown}
Potions
 p - a potion of stabbing
 q - 2 potions of lignification
 t - a potion of brilliance
 A - a potion of haste {unknown}
 D - a potion of degeneration {unknown}
 J - 2 potions of heal wounds {unknown}
 N - a potion of magic
 O - 2 potions of resistance {unknown}
 Q - a potion of flight {unknown}
 U - a potion of curing
 Y - a potion of mutation {unknown}


   Skills:
 + Level 6.0 Fighting
 + Level 5.7 Short Blades
 - Level 0.3(3.5) Slings
 + Level 5.8 Throwing
 + Level 0.6 Armour
 + Level 5.0 Dodging
 + Level 9.4 Stealth
 + Level 5.1 Shields
 - Level 5.0 Spellcasting
 - Level 5.0 Hexes
 + Level 0.7 Invocations
 + Level 0.7 Evocations


You had 17 spell levels left.
You knew the following spells:

 Your Spells              Type           Power        Failure   Level
a - Confusing Touch       Hex            ###.....     11%         3

Your spell library contained the following spells:

 Spells                   Type           Power        Failure   Level
 Foxfire                  Conj/Fire      #...         26%         1
 Inner Flame              Hex/Fire       #.......     28%         3
 Conjure Flame            Conj/Fire      #.......     63%         3
 Gell's Gravitas          Tloc           #.........   63%         3
 Petrify                  Tmut/Erth      #.......     95%         4
 Sticky Flame             Conj/Fire      #.......     95%         4
 Metabolic Englaciation   Hex/Ice        #.........   95%         5
 Yara's Violent Unravell  Hex/Tmut       #.........   95%         5
 Fireball                 Conj/Fire      #.........   100%        5


Dungeon Overview and Level Annotations

Branches:
Dungeon (9/15)             Temple (0/1) D:6            Lair (0/6) D:9
    Orc (0/2) D:9

Altars:
Ashenzari
Cheibriados
Dithmenos
Elyvilon
Fedhas
Sif Muna
Vehumet
Xom
Yredelemnul
Zin
The Shining One

Shops:
D:5 (

Annotations:
D:6 exclusion: statue


Innate Abilities, Weirdness & Mutations

You have razor-sharp teeth.
Your natural rate of healing is unusually fast.
When hurt, damage is shared between your health and your magic reserves.
Your bite disrupts and absorbs the magic of your enemies.
Potions cannot restore your health.
You are immune to rotting.


Message History

* * * LOW HITPOINT WARNING * * *
Something hits you but does no damage. Something hits you.
* * * LOW HITPOINT WARNING * * *
Something hits you but does no damage. You block something's attack.
You block something's attack. You block something's attack. Something hits you.
* * * LOW HITPOINT WARNING * * *
You block something's attack. Something hits you but does no damage.
Something hits you but does no damage. Something hits you but does no damage.
Something hits you but does no damage. Something hits you.
* * * LOW HITPOINT WARNING * * *
Something hits you. Something hits you.
* * * LOW HITPOINT WARNING * * *
Something hits you.
You die...

##...#
#...#..####'######..#.
.....#
#.....).............#.
.....#
#........##########+#.
.....#
#....._...............
.....#
#..........[..........
.....#
#.....................
.....#
##............##.....#
.....#
#.#####.##....#.....#
.....#
#.#.@..<##..#.#.....#
######
#.#.######..#........
#.#..................
#.###########..>#...#
###.######.........)...
#.......##.######.#####
#.#.##.###.# #.#
###.#....# #.### #.#
#.....##.# #...# #.#


There were no monsters in sight!

Vanquished Creatures
  Harold (D:7)
  Erica (D:8)
  A deep elf mage (D:6)
  Maggie (D:6)
  A centaur skeleton (D:7)
  A troll (D:8)
  Prince Ribbit (D:7)
  Duvessa (D:6)
  An ice beast (D:7)
  A phantom (D:5)
  3 sky beasts
  3 orc warriors
  2 black bears
  9 ogres
  A centaur (D:6)
  A big kobold (D:9)
  3 bullfrogs
  A gnoll sergeant (D:9)
  2 scorpions
  A water moccasin skeleton (D:4)
  Dowan (D:6)
  5 killer bees (D:8)
  A howler monkey (D:7)
  7 wights
  2 centaur zombies
  Crazy Yiuf (D:4)
  A bullfrog zombie (D:8)
  4 hounds
  A bullfrog skeleton (D:6)
  4 gnoll shamans
  4 orc priests (D:6)
  2 iguanas (D:7)
  Natasha (D:1)
  6 worker ants
  7 orc wizards
  A hound zombie (D:7)
  A worker ant zombie (D:5)
  5 gnolls
  18 adders
  2 shadow imps
  2 white imps
  An ooze (D:2)
  An adder skeleton (D:7)
  2 worms
  3 dart slugs
  7 leopard geckos
  34 orcs
  5 bats
  3 giant cockroaches
  10 goblins
  17 hobgoblins
  11 jackals
  16 kobolds
  5 quokkas
  4 ball pythons
  4 frilled lizards
  A jackal skeleton (D:4)
  A leopard gecko skeleton (D:6)
  2 quokka skeletons
  8 rats
247 creatures vanquished.

Vanquished Creatures (others)
  A scorpion (D:4)
  A worker ant (D:4)
  2 adders (D:4)
  A worm (D:4)
  2 quokkas (D:4)
  A ball python (D:4)
  30 plants (D:6)
38 creatures vanquished.

Grand Total: 285 creatures vanquished

Notes
Turn   | Place    | Note
-------+----------+-------------------------------------------
     0 | D:1      | Descartes the Vine Stalker Brigand began the quest for the
                  | Orb.
     0 | D:1      | Reached XP level 1. HP: 11/11 MP: 2/2
   143 | D:1      | Reached skill level 1 in Dodging
   143 | D:1      | Reached XP level 2. HP: 12/15 MP: 3/3
   202 | D:1      | Reached skill level 5 in Stealth
   593 | D:1      | Reached XP level 3. HP: 18/18 MP: 4/4
  1190 | D:2      | Gained mutation: Your natural rate of healing is unusually
                  | fast. [Vine Stalker growth]
  1190 | D:2      | Reached XP level 4. HP: 23/23 MP: 5/5
  1197 | D:2      | Noticed Natasha
  1286 | D:2      | Noticed a bullfrog
  1307 | D:1      | Killed a bullfrog
  1307 | D:1      | Reached XP level 5. HP: 3/27 MP: 2/6
  1464 | D:1      | Killed Natasha
  1708 | D:2      | Reached XP level 6. HP: 31/32 MP: 7/7
  1885 | D:3      | Reached skill level 6 in Stealth
  1905 | D:3      | Found a glowing golden altar of the Shining One.
  2063 | D:3      | Found a blossoming altar of Fedhas.
  2205 | D:3      | Reached skill level 1 in Shields
  2752 | D:4      | Found a shimmering altar of Xom.
  2956 | D:4      | Reached XP level 7. HP: 36/36 MP: 8/8
  2963 | D:4      | Learned a level 3 spell: Confusing Touch
  3091 | D:4      | Found a runed translucent door.
  3092 | D:4      | Noticed Crazy Yiuf
  3134 | D:4      | Found a basalt altar of Yredelemnul.
  3308 | D:4      | Killed Crazy Yiuf
  3377 | D:5      | Entered Level 5 of the Dungeon
  3831 | D:5      | Reached skill level 1 in Spellcasting
  3831 | D:5      | Reached skill level 1 in Hexes
  3912 | D:5      | Gained mutation: You have razor-sharp teeth. [Vine Stalker
                  | growth]
  3912 | D:5      | Reached XP level 8. HP: 41/41 MP: 10/10
  4138 | D:5      | Found Wappanta's Antique Weapon Shoppe.
  4520 | D:6      | Reached skill level 7 in Stealth
  4524 | D:6      | Found a glowing silver altar of Zin.
  4610 | D:6      | Noticed Dowan
  4614 | D:6      | Killed Dowan
  4993 | D:6      | Found a radiant altar of Vehumet.
  5018 | D:6      | Found a staircase to the Ecumenical Temple.
  5018 | D:6      | Noticed Duvessa
  5019 | D:6      | Noticed Maggie
  5167 | D:6      | Killed Maggie
  5167 | D:6      | Reached XP level 9. HP: 19/46 MP: 5/14
  5402 | D:6      | Killed Duvessa
  5451 | D:6      | Noticed a deep elf mage
  5455 | D:6      | Killed a deep elf mage
  5455 | D:6      | Reached skill level 8 in Stealth
  6050 | D:7      | Found a white marble altar of Elyvilon.
  6090 | D:7      | Noticed Harold
  6141 | D:7      | Killed Harold
  6141 | D:7      | Reached skill level 5 in Fighting
  6141 | D:7      | Reached skill level 5 in Short Blades
  6141 | D:7      | Reached skill level 5 in Throwing
  6141 | D:7      | Reached XP level 10. HP: 13/51 MP: 10/17
  6218 | D:7      | Noticed Prince Ribbit
  6225 | D:7      | Killed Prince Ribbit
  6620 | D:7      | Found a shadowy altar of Dithmenos.
  6620 | D:7      | Found a shimmering blue altar of Sif Muna.
  6620 | D:7      | Found a snail-covered altar of Cheibriados.
  6627 | D:7      | Became a worshipper of Dithmenos the Shadowed
  7077 | D:6      | Reached skill level 9 in Stealth
  7284 | D:8      | Found a shattered altar of Ashenzari.
  7494 | D:8      | Reached * piety under Dithmenos
  7828 | D:8      | Noticed Erica
  7847 | D:8      | Killed Erica
  8067 | D:8      | Reached skill level 5 in Shields
  8272 | D:9      | Found a staircase to the Lair.
  8294 | D:9      | Reached XP level 11. HP: 56/56 MP: 19/19
  8392 | D:9      | Found a staircase to the Orcish Mines.
  8465 | D:9      | Reached skill level 5 in Hexes
  8531 | D:8      | Reached skill level 5 in Dodging
  8531 | D:8      | Reached skill level 5 in Spellcasting
  8543 | D:8      | HP: 1/56 [something (3)]
  8553 | D:8      | Slain by an unseen horror

Illustrated notes

Levels and vault maps discovered:
D:1:      dpeg_arrival_rooms_c, layout_basic
D:2:      minmay_chambers_of_ones, layout_rooms, uniq_natasha
D:3:      layout_loops_cross, tso_metal_star, fedhas_altar_2
D:4:      layout_basic, nicolae_overflow_crystal_walls, xom_confusion_cloud,
          uniq_crazy_yiuf_cottage
D:5:      layout_loops_ring, serial_shops, kennysheep_mini_moat,
          minmay_misc_feat_enclosed, grunt_decor_arrowhead
D:6:      kennysheep_housing_project, layout_rooms, vehumet_statue,
          lemuel_round_altar, minmay_temple_entry_glass,
          guppyfry_early_elven_hall, uniq_duvessa, uniq_maggie
D:7:      layout_gridville, kennysheep_mini, gammafunk_temple_overflow_claw,
          minmay_fractal_squares_diagonal_5, uniq_prince_ribbit1, uniq_harold
D:8:      layout_basic, serial_shops, nicolae_shop_behind_doors, basic_altar,
          uniq_erica
D:9:      layout_gridville, lair_entry_dummy,
          kennysheep_orc_monster_closet_entryway, hangedman_ru_absence,
          uniq_pikel

Skill      XL: |  1  2  3  4  5  6  7  8  9 10 11 |
---------------+----------------------------------+-----
Dodging        | 1 2 3 4 5 |  5.0
Stealth        | 5 6 7 8 9 |  9.4
Fighting       | 2 3 4 5 6 |  6.0
Short Blades   | 2 3 4 5 |  5.7
Throwing       | 2 3 4 5 |  5.8
Shields        | 1 2 3 4 5 |  5.1
Spellcasting   | 1 2 4 5 |  5.0
Hexes          | 1 2 4 5 |  5.0
Slings         | |  0.3
Armour         | |  0.6
Invocations    | |  0.7
Evocations     | |  0.7

Action                   |  1- 3 |  4- 6 |  7- 9 | 10-12 || total
-------------------------+-------+-------+-------+-------++-------
Melee: Dagger            |   107 |   201 |   433 |   463 ||  1204
       Bite              |    25 |    71 |   169 |   151 ||   416
 Fire: Hunting sling     |       |    11 |     1 |       ||    12
Throw: Dart              |       |       |     5 |     2 ||     7
       Boomerang         |       |       |    36 |     7 ||    43
 Cast: Confusing Touch   |       |       |     1 |     2 ||     3
  Use: Potion            |       |       |       |     5 ||     5
 Stab: Sleeping          |     3 |     9 |    12 |    12 ||    36
       Distracted        |       |       |     1 |     1 ||     2
       Confused          |       |       |       |     1 ||     1
Armor: Leather armour    |    33 |    57 |    51 |       ||   141
       Acid dragon scale |       |       |    54 |   194 ||   248
       Skin              |       |       |       |    23 ||    23
Dodge: Dodged            |    62 |   102 |   199 |   306 ||   669
Block: Buckler           |       |       |    17 |   152 ||   169

Table legend: (Time is in decaauts)
 A = Elapsed time spent in this place.
 B = Non-inter-level travel time spent in this place.
 C = Inter-level travel time spent in this place.
 D = Time resting spent in this place.
 E = Time spent auto-exploring this place.
 F = Levels seen in this place.
 G = Mean time per level.
                   A        B        C        D        E       F      G
               +--------+--------+--------+--------+--------+-----+--------+
         Total |   8312 |   7770 |    542 |     29 |   5240 |   9 |  923.6 |
       Dungeon |   8312 |   7770 |    542 |     29 |   5240 |   9 |  923.6 |
               +--------+--------+--------+--------+--------+-----+--------+

Top non-repeatable levels by time:
     D:6: 1514 daAuts
     D:5: 1143 daAuts
     D:1: 1024 daAuts
     D:7: 1016 daAuts
     D:8: 937 daAuts
     D:4: 888 daAuts
     D:2: 822 daAuts
     D:3: 714 daAuts
     D:9: 251 daAuts
